 Dungeon Crawl Stone Soup version 0.25-a0-860-gf695395b5c (webtiles) character file.

Game seed: 9095005232195137680, levelgen mode: deterministic

107 Joeren the Ruffian (level 4, -1/38 HPs)
             Began as a Naga Transmuter on Apr 26, 2020.
             Succumbed to a scorpion's poison
             ... on level 3 of the Dungeon on Apr 28, 2020.
             The game lasted 00:10:13 (2484 turns).

Joeren the Ruffian (Naga Transmuter)                Turns: 2484, Time: 00:10:14

Health: -1/38      AC:  2    Str: 17    XL:     4   Next: 86%
Magic:  6/8        EV: 10    Int: 14    God:
Gold:   125        SH:  0    Dex: 11    Spells: 2/8 levels left

rFire    . . .     SeeInvis +     - Unarmed
rCold    . . .     Gourm    .   (no shield)
rNeg     . . .     Faith    .   b - +0 robe
rPois    +         Spirit   .   (no helmet)
rElec    .         Reflect  .   (no cloak)
rCorr    .         Harm     .   (no gloves)
MR       .....                  (no barding)
Stlth    +.........             (no amulet)
HPRegen  0.12/turn              p - +4 ring of strength
MPRegen  0.11/turn              (no ring)

@: lethally poisoned (-1 -> -19), very slow
A: large, see invisible, deformed body, poison resistance, slowness 2, slow
metabolism 1, spit poison 1, AC +1
a: Spit Poison


You were on level 3 of the Dungeon.
You were not hungry.

You visited 1 branch of the dungeon, and saw 4 of its levels.

You collected 125 gold pieces.

Inventory:

Missiles
 a - 31 arrows
 e - 21 poisoned darts (quivered)
Armour
 b - a +0 robe (worn)
Jewellery
 p - a +4 ring of strength (left hand)
Wands
 f - a wand of random effects (5)
Scrolls
 c - 3 scrolls of identify {unknown}
 h - a scroll of fog {unknown}
 j - a scroll of remove curse {unknown}
 l - a scroll of teleportation {unknown}
 n - a scroll of noise {unknown}
Potions
 g - a potion of heal wounds {unknown}
 i - a potion of haste {unknown}
 k - 2 potions of curing
 m - 2 potions of lignification {unknown}
Comestibles
 d - 2 rations
 o - a chunk of flesh


   Skills:
 - Level 1.0 Fighting
 - Level 2.0 Dodging
 + Level 3.8 Unarmed Combat
 + Level 2.9 Spellcasting
 + Level 3.1 Transmutations


You had 2 spell levels left.
You knew the following spells:

 Your Spells              Type           Power        Failure   Level  Hunger
a - Beastly Appendage     Tmut           ##....       6%          1    #......
b - Sticks to Snakes      Tmut           ##......     9%          2    ##.....
c - Spider Form           Tmut/Pois      #.........   34%         3    ###....

Your spell library contained the following spells:

 Spells                   Type           Power        Failure   Level  Hunger
 Ice Form                 Ice/Tmut       #.......     75%         4    #####..
 Blade Hands              Tmut           ##........   86%         5    ######.


Dungeon Overview and Level Annotations

Branches:
Dungeon (4/15)
 Temple: D:4-7

Altars:
Gozag
Zin


Innate Abilities, Weirdness & Mutations

You cannot wear boots.
Your serpentine skin is tough. (AC +1)
You have supernaturally acute eyesight. (SInv)
Armour fits poorly on your strangely shaped body.
Your system is resistant to poisons. (rPois)
You cover ground very slowly.
You have a slow metabolism.
You can spit poison.


Message History

You closely miss the scorpion.
The scorpion is lightly wounded.
The scorpion stings you!
You are poisoned.
The scorpion poisons you!
You hit the scorpion. Your headbutt misses the scorpion.
The scorpion is moderately wounded.
You feel sick. The scorpion stings you!
* * * LOW HITPOINT WARNING * * *
Casting: Beastly Appendage (safe; 6% risk of failure)
Confirm with . or Enter, or press ? or * to list all spells.
You create a snake!
You now have 31 arrows.
* * * LOW HITPOINT WARNING * * *
You feel sick. The scorpion stings you.
* * * LOW HITPOINT WARNING * * *
You are more poisoned.
The scorpion poisons you!
You swap places.
Your horns disappear.
You die...

#.###8.....8## # ..#
#...##.....## #.#
###.###8.8## #.# #.#
##'## #.# #.# #.# #
#.# #.# #.. # #. #.#
#.# ##
###.#.######.#####.#
............osS@...#
(.....)>.....#######
#.###.######## .. ##


You could see a scorpion, an orc and a friendly ball python.

Vanquished Creatures
  Ijyb (D:3)
  A gnoll (D:1)
  4 worms
  3 dart slugs (D:1)
  A leopard gecko (D:1)
  4 orcs (D:3)
  7 bats
  2 giant cockroaches (D:1)
  5 goblins
  5 hobgoblins
  4 jackals (D:2)
  4 kobolds (D:1)
  7 frilled lizards
  A rat (D:3)
49 creatures vanquished.

Notes
Turn   | Place    | Note
-------+----------+-------------------------------------------
     0 | D:1      | Joeren the Naga Transmuter began the quest for the Orb.
     0 | D:1      | Reached XP level 1. HP: 18/18 MP: 3/3
    27 | D:1      | Reached XP level 2. HP: 25/25 MP: 3/5
   354 | D:1      | Reached XP level 3. HP: 9/31 MP: 4/6
  1296 | D:2      | Upgraded the game from 0.25-a0-855-g681bda5bb4 to
                  | 0.25-a0-860-gf695395b5c
  1452 | D:2      | Found a glowing silver altar of Zin.
  1452 | D:2      | Found an opulent altar of Gozag.
  1782 | D:2      | Reached XP level 4. HP: 38/38 MP: 5/7
  1974 | D:3      | Noticed Ijyb
  1995 | D:3      | Killed Ijyb
  2212 | D:3      | Found a faded altar of an unknown god.
  2277 | D:3      | Learned a level 2 spell: Sticks to Snakes
  2281 | D:3      | Learned a level 3 spell: Spider Form
  2462 | D:4      | Noticed a phantom
  2483 | D:3      | HP: 1/38 [scorpion (4)]
  2484 | D:3      | Succumbed to a scorpion's poison

Levels and vault maps discovered:
D:1:      eino_arrival_cavern_b, layout_loops_ring
D:2:      layout_basic, grunt_temple_overflow_gold_and_silver, tgw_xom,
          nicolae_ru_great_annihilating_truth
D:3:      minmay_spotlight, layout_loops_ring, chequers_ecumenical_altar_island,
          dk_noncrumbling_4, grunt_qazlal_sundering, uniq_ijyb, uniq_natasha
D:4:      layout_rooms, minmay_temple_entry_mist

Skill      XL: |  1  2  3  4 |
---------------+-------------+-----
Dodging        | 2 |  2.0
Transmutations | 3 |  3.1
Fighting       | |  1.0
Unarmed Combat | |  3.8
Spellcasting   | |  2.9

Action                   |  1- 3 |  4- 6 || total
-------------------------+-------+-------++-------
Melee: Unarmed           |   100 |    57 ||   157
       Punch             |     1 |       ||     1
       Headbutt          |    10 |     6 ||    16
Throw: Dart              |     5 |    17 ||    22
 Cast: Beastly Appendage |    28 |     9 ||    37
       Spider Form       |       |     1 ||     1
       Sticks to Snakes  |       |     1 ||     1
 Abil: Spit Poison       |     5 |     6 ||    11
 Stab: Sleeping          |     1 |     1 ||     2
  Eat: Chunk             |     3 |     2 ||     5
Armor: Robe              |    30 |    17 ||    47
Dodge: Dodged            |    62 |    26 ||    88

Table legend:
 A = Non-vault XP
 B = Vault XP
 C = Vault XP percentage of total XP
 D = Non-vault monster count
 E = Vault monster count
 F = Vault count percentage of total count
                 A         B        C        D         E       F
            +---------+---------+-------+---------+---------+-------
      Total |     119 |      35 |  22.7 |      48 |       1 |   2.0
            +---------+---------+-------+---------+---------+-------
        D:1 |      61 |       0 |   0.0 |      24 |       0 |   0.0
        D:2 |      27 |       0 |   0.0 |      12 |       0 |   0.0
        D:3 |      31 |      35 |  53.0 |      12 |       1 |   7.7
            +---------+---------+-------+---------+---------+-------
